 Dungeon Crawl Stone Soup version 0.29.1-1-gd02db6906a (webtiles) character file.

Game seed: 4048077123536673012

1530 Anriel the Chopper (level 9, -1/68 HPs)
             Began as a Human Berserker on Oct 11, 2022.
             Was a Priest of Trog.
             Succumbed to a killer bee's poison
             ... on level 5 of the Dungeon.
             The game lasted 00:40:10 (3905 turns).

Anriel the Chopper (Human Berserker)                Turns: 3905, Time: 00:40:11

Health: -1/68      AC: 15    Str: 22    XL:     9   Next: 10%
Magic:  9/9        EV:  7    Int:  7    God:    Trog [***...]
Gold:   326        SH:  0    Dex: 13    Spells: 8/8 levels left

rFire   . . .      SeeInvis .   u - +0 war axe
rCold   . . .      Faith    .   (no shield)
rNeg    . . .      Spirit   .   i - +0 plate armour
rPois   .          Reflect  .   (no helmet)
rElec   .          Harm     .   q - +0 cloak
rCorr   .          Rampage  .   (no gloves)
Will    .....                   v - +1 pair of boots
Stlth   ..........              (no amulet)
HPRegen 0.21/turn               (no ring)
MPRegen 0.11/turn               (no ring)

@: lethally poisoned (-1 -> -9), on berserk cooldown, slowed, very slow
A: no striking features
a: Renounce Religion, Berserk, Trog's Hand


You were on level 5 of the Dungeon.
You worshipped Trog.
Trog was most pleased with you.
You visited 2 branches of the dungeon, and saw 7 of its levels.

You collected 326 gold pieces.

Inventory:

Hand Weapons
 a - a +0 hand axe
 c - the +6 quarterstaff of Atistuxo {flame, Str+2}
   (You took it off an orc on level 5 of the Dungeon)

   It burns those it strikes, dealing additional fire damage.
   Str:       It affects your strength (+2).
 r - a +0 hammer
 u - a +0 war axe (weapon)
Missiles
 x - 3 javelins (quivered)
Armour
 i - a +0 plate armour (worn)
 q - a +0 cloak (worn)
 t - a +0 leather armour of cold resistance
 v - a +1 pair of boots (worn)
 y - +0 acid dragon scales
Wands
 k - a wand of roots (1)
 p - a wand of polymorph (7)
 s - a wand of mindburst (9)
Scrolls
 b - 4 scrolls of identify {unknown}
 h - 4 scrolls of teleportation {unknown}
 j - a scroll of noise {unknown}
 m - 3 scrolls of blinking {unknown}
 n - 2 scrolls of enchant weapon {unknown}
 o - 2 scrolls of butterflies {unknown}
 B - a scroll of amnesia {unknown}
Potions
 d - a potion of flight {unknown}
 e - 2 potions of heal wounds {unknown}
 f - 3 potions of might {unknown}
 g - 3 potions of curing
 l - a potion of lignification {unknown}
 w - 2 potions of ambrosia {unknown}
 z - 2 potions of invisibility {unknown}
 A - 2 potions of brilliance {unknown}


   Skills:
 + Level 5.4 Fighting
 + Level 7.4 Axes
 * Level 4.5 Throwing
 + Level 5.2 Armour
 + Level 2.4 Dodging
 + Level 0.1 Stealth
 + Level 0.1 Evocations


You had 8 spell levels left.
You didn't know any spells.
Your spell library was empty.

Dungeon Overview and Level Annotations

Branches:
Dungeon (6/15)             Temple (1/1) D:4

Altars:
Cheibriados
Elyvilon
Hepliaklqana
Makhleb
Qazlal
Sif Muna
Trog
Vehumet
Zin
The Shining One

Shops:
D:4 (


Message History

The killer bee poisons you! The killer bee closely misses you.
The killer bee stings you but does no damage.
The orc priest hits you but does no damage.
The orc hits you but does no damage.
The killer bee stings you but does no damage. x2
The orc barely misses you.
The orc priest hits you but does no damage.
The killer bee barely misses you. The killer bee stings you.
You are more poisoned.
The killer bee poisons you!
Unknown command.
You barely miss the orc priest.
The orc priest is severely wounded.
You slash the killer bee! You barely miss the killer bee.
You hit the orc but do no damage.
* * * LOW HITPOINT WARNING * * *
You feel extremely sick.
The killer bee stings you but does no damage.
The killer bee barely misses you.
The killer bee stings you but does no damage.
The killer bee stings you.
* * * LOW HITPOINT WARNING * * *
An orc comes into view. It is wielding a +0 short sword.
The orc priest begins to cast a cantrip, but forgets the words!
The orc hits you with a +0 flail.
* * * LOW HITPOINT WARNING * * *
The killer bee closely misses you.
The killer bee stings you but does no damage.
The orc hits you but does no damage.
The orc priest casts a cantrip, but nothing happens.
* * * LOW HITPOINT WARNING * * *
You feel very sick.
The killer bee stings you but does no damage. x2
The killer bee closely misses you.
The killer bee stings you but does no damage.
The orc priest hits you but does no damage.
The orc barely misses you. The killer bee barely misses you.
The killer bee stings you but does no damage.
You climb upwards.
You die...

#.#....#####.###....)...
#.#....# #.# #########
#.#....# #.# #### #.#....# #.#
#.♣. #.###### #.# #.~~ #.# #.#
#.~~ #.# #.# #..~
#######.####### #.# #♣~~
#..........yo@# #.# #...
#.#####.#####y####.#########..
###'#####.# #o................
#.........# #.####.###########
#.......### #.####.# #######
#.......# #....#.# #.....#
######### ####'#.# #.....#
#....# #.....#
#....#####.....#


You could see 2 killer bees, an orc priest and an orc.

Vanquished Creatures
  Eustachio (D:5)
  Duvessa (D:5)
  2 phantoms
  2 necrophages
  5 scorpions
  Dowan (D:5)
  4 killer bees (D:6)
  2 hounds
  Crazy Yiuf (D:3)
  A jelly (D:4)
  Jessica (D:3)
  4 iguanas
  Terence (D:3)
  2 orc wizards (D:5)
  3 adders
  3 shadow imps (D:5)
  3 white imps (D:5)
  3 ufetubi (D:5)
  2 worms
  A dart slug (D:3)
  15 orcs
  6 ball pythons
  2 endoplasms
  5 giant cockroaches
  4 goblins
  10 hobgoblins
  3 jackals (D:4)
  9 kobolds
  3 quokkas
  7 bats
  5 frilled lizards
  9 rats
121 creatures vanquished.

Vanquished Creatures (others)
  2 demonic plants (D:5)
2 creatures vanquished.

Grand Total: 123 creatures vanquished

Notes
Turn   | Place    | Note
-------+----------+-------------------------------------------
     0 | D:1      | Anriel the Human Berserker began the quest for the Orb.
     0 | D:1      | Reached XP level 1. HP: 18/18 MP: 1/1
   107 | D:1      | Reached XP level 2. HP: 8/24 MP: 2/2
   508 | D:1      | Reached XP level 3. HP: 26/29 MP: 3/3
   590 | D:1      | Found a faded altar of an unknown god.
   708 | D:2      | Reached ** piety under Trog
  1282 | D:3      | Noticed Terence
  1286 | D:3      | Killed Terence
  1287 | D:3      | Reached XP level 4. HP: 37/37 MP: 4/4
  1404 | D:3      | Reached skill level 4 in Axes
  1404 | D:3      | Reached XP level 5. HP: 25/42 MP: 5/5
  1450 | D:3      | Found a snail-covered altar of Cheibriados.
  1504 | D:3      | Reached skill level 1 in Throwing
  1605 | D:3      | Found a runed translucent door.
  1606 | D:3      | Noticed Crazy Yiuf
  1614 | D:3      | Killed Crazy Yiuf
  1720 | D:3      | Noticed Jessica
  1730 | D:3      | Killed Jessica
  1986 | D:4      | Reached XP level 6. HP: 13/48 MP: 6/6
  2150 | D:4      | Found a staircase to the Ecumenical Temple.
  2223 | Temple   | Entered the Ecumenical Temple
  2466 | D:4      | Reached skill level 5 in Axes
  2466 | D:4      | Reached XP level 7. HP: 43/54 MP: 7/7
  2601 | D:4      | Found Iniorut's Weapon Shop.
  2966 | D:5      | Entered Level 5 of the Dungeon
  3000 | D:5      | Noticed Eustachio
  3004 | D:5      | Reached skill level 6 in Axes
  3006 | D:5      | Reached XP level 8. HP: 61/61 MP: 8/8
  3067 | D:5      | Killed Eustachio
  3074 | D:5      | Reached *** piety under Trog
  3089 | D:5      | Identified the +6 quarterstaff of Atistuxo {flame, Str+2}
  3374 | D:5      | Noticed Dowan
  3375 | D:5      | Found a burning altar of Makhleb.
  3376 | D:5      | Noticed Duvessa
  3382 | D:5      | Killed Dowan
  3394 | D:5      | HP: 4/91 [Duvessa/+0 rapier (17)]
  3396 | D:5      | HP: 1/91 [Duvessa/+0 rapier (3)]
  3399 | D:5      | Killed Duvessa
  3400 | D:5      | Reached skill level 5 in Fighting
  3400 | D:5      | Reached skill level 7 in Axes
  3400 | D:5      | Noticed a blizzard demon
  3715 | D:5      | Found a glowing silver altar of Zin.
  3716 | D:5      | Noticed an angel
  3898 | D:6      | Reached XP level 9. HP: 52/68 MP: 9/9
  3900 | D:6      | Reached skill level 5 in Armour
  3904 | D:6      | HP: 3/68 [poisoned by a killer bee]
  3905 | D:5      | Succumbed to a killer bee's poison

Illustrated notes

Levels and vault maps discovered:
D:1:      wander_arrival_peaceful_grave, layout_rooms,
          dreamdust_ecumenical_altar_angels_and_demons
D:2:      layout_basic
D:3:      layout_basic, cheibrodos_worm_habitat, amcnicky_mini_pool_small,
          uniq_jessica, uniq_crazy_yiuf_cottage, uniq_terence
D:4:      layout_loops_ring, temple_pool_b, serial_shops, nicolae_shop_trees,
          minmay_misc_feat_square
D:5:      layout_basic, grunt_temple_overflow_order_and_chaos_2, serial_demonic,
          serial_demonic_a, serial_demonic_f, serial_demonic_a,
          serial_demonic_f, uniq_eustachio, uniq_duvessa
D:6:      lemuel_ice_spiral_2, layout_basic, kennysheep_mini, uniq_grinder
Temple:   hellmonk_temple_beads

Skill      XL: |  1  2  3  4  5  6  7  8  9 |
---------------+----------------------------+-----
Axes           | 4 5 6 7 |  7.4
Throwing       | 1 2 3 4 |  4.5
Fighting       | 4 5 |  5.4
Armour         | 3 4 5 |  5.2
Dodging        | |  2.4
Stealth        | |  0.1
Evocations     | |  0.1

Action                   |  1- 3 |  4- 6 |  7- 9 || total
-------------------------+-------+-------+-------++-------
Melee: Hand axe          |   122 |   137 |       ||   259
       Punch             |     2 |     1 |       ||     3
       War axe           |       |     8 |   104 ||   112
Throw: Javelin           |     6 |    19 |    19 ||    44
Invok: Berserk           |     1 |     6 |     4 ||    11
       Trog's Hand       |       |     3 |       ||     3
Evoke: Wand              |       |     1 |     2 ||     3
 Stab: Invisible         |       |     1 |       ||     1
Armor: Chain mail        |    45 |       |       ||    45
       Plate armour      |    25 |   124 |   109 ||   258
       Skin              |       |     2 |       ||     2
Dodge: Dodged            |    48 |    67 |    48 ||   163
